 Dungeon Crawl Stone Soup version 0.29-a0-909-g30c7767f5c (webtiles) character file.

Game seed: 7593726661140156653

37 Malachi the Ruffian (level 3, 0/40 HPs)
             Began as a Palentonga Transmuter on July 25, 2022.
             Slain by a hobgoblin (2 damage)
             ... led by Robin
             ... on level 2 of the Dungeon.
             The game lasted 00:01:32 (1395 turns).

Malachi the Ruffian (Palentonga Transmuter)         Turns: 1395, Time: 00:01:33

Health: 0/40       AC:  4    Str: 13    XL:     3   Next: 21%
Magic:  6/6        EV:  9    Int: 15    God:
Gold:   72         SH:  0    Dex: 10    Spells: 5/6 levels left

rFire   . . .      SeeInvis +     - Unarmed
rCold   . . .      Faith    .   (no shield)
rNeg    . . .      Spirit   .   a - +0 robe
rPois   .          Reflect  .   f - +0 hat
rElec   .          Harm     .   (no cloak)
rCorr   .          Rampage  .   (no gloves)
Will    .....                   (no barding)
Stlth   ..........              (no amulet)
HPRegen 0.13/turn               (no ring)
MPRegen 0.10/turn               (no ring)

@: berserking, very quick
A: large, rugged brown scales 3, see invisible, deformed body, roll 1, armoured
tail
a: Rolling Charge


You were on level 2 of the Dungeon.
You visited 1 branch of the dungeon, and saw 2 of its levels.

You collected 72 gold pieces.

Inventory:

Armour
 a - a +0 robe (worn)
 f - a +0 hat (worn)
Scrolls
 h - 2 scrolls of silence {unknown}
 i - 2 scrolls of identify {unknown}
 j - a scroll of immolation {unknown}
 k - a scroll of magic mapping {unknown}
 l - a scroll of fear {unknown}
Potions
 b - a potion of lignification
 e - 2 potions of curing {unknown}
 g - a potion of invisibility {unknown}


   Skills:
 - Level 1.0 Fighting
 - Level 1.5 Dodging
 + Level 4.3 Unarmed Combat
 - Level 2.0 Spellcasting
 - Level 2.0 Transmutations


You had 5 spell levels left.
You knew the following spells:

 Your Spells              Type           Power      Damage    Failure   Level
a - Beastly Appendage     Tmut           14%        N/A       10%         1

Your spell library contained the following spells:

 Spells                   Type           Power      Damage    Failure   Level
 Wereblood                Tmut           7%         N/A       14%         2
 Spider Form              Tmut/Pois      4%         N/A       41%         3
 Ice Form                 Ice/Tmut       4%         N/A       82%         4


Dungeon Overview and Level Annotations

Branches:
Dungeon (2/15)

Altars:
Wu Jian

Annotations:
D:2 Robin


Innate Abilities, Weirdness & Mutations

You are completely covered in rugged brown scales. (AC +3, +7% HP)
You have supernaturally acute eyesight. (SInv)
Armour fits poorly on your strangely shaped body.
You can roll at nearby foes to attack.
You have a long armoured tail.


Message History

Your +0 hat unmelds from your body.
Robin closely misses you. The goblin hits you with a +0 dagger.
The hobgoblin hits you.
You barely miss the goblin.
Your tail-slap misses the goblin.
The goblin is moderately wounded.
Robin hits you from afar with a +0 spear.
The hobgoblin hits you.
The hobgoblin hits you but does no damage.
The goblin barely misses you.
You are too injured to fight recklessly!
You are too injured to fight recklessly!
You are too injured to fight recklessly!
You are too injured to fight recklessly!
You are too injured to fight recklessly!
You are too injured to fight recklessly!
You are too injured to fight recklessly!
You are too injured to fight recklessly!
You are too injured to fight recklessly!
You are too injured to fight recklessly!
Unknown command.
You barely miss the goblin.
The goblin is moderately wounded.
You closely miss the goblin. You tail-slap the goblin.
The goblin is heavily wounded.
Robin hits you from afar with a +0 spear.
* * * LOW HITPOINT WARNING * * *
The hobgoblin barely misses you. The goblin closely misses you.
The goblin barely misses you. The hobgoblin barely misses you.
As you read the scroll labelled SIF OFUGHIHY, it crumbles to dust.
The scroll dissolves into smoke.
It was a scroll of fog.
Robin barely misses you.
The hobgoblin hits you but does no damage.
The goblin hits you with a +0 dagger.
* * * LOW HITPOINT WARNING * * *
The goblin misses you. The hobgoblin closely misses you.
Okay, then.
It was a potion of berserk rage.
A red film seems to cover your vision as you go berserk!
You feel yourself moving faster!
You feel mighty! Robin barely misses you. The hobgoblin hits you.
You die...

#...... #.........
...._..####.#.###..
#......#......>.###
.....#.##.#.#....
....#.##.#.#####
#..#.##.#.# #
.###### #..#.##.#.#
#
....$§g###.......#.#
#§g@g§.........#
#gg####.########
...§......#
####..###### #.. #..
#.. #..


You could see Robin, 2 hobgoblins and 2 goblins.

Vanquished Creatures
  2 ball pythons (D:1)
  5 bats
  2 endoplasms
  9 goblins
  3 hobgoblins (D:1)
  3 quokkas
  3 frilled lizards
  A kobold (D:1)
  4 rats (D:1)
32 creatures vanquished.

Notes
Turn   | Place    | Note
-------+----------+-------------------------------------------
     0 | D:1      | Malachi the Palentonga Transmuter began the quest for the
                  | Orb.
     0 | D:1      | Reached XP level 1. HP: 16/16 MP: 3/3
    15 | D:1      | Noticed a human
    15 | D:1      | Noticed a demigod
    17 | D:1      | Noticed a naga
    17 | D:1      | Noticed a vine stalker
    19 | D:1      | Noticed a spriggan
    21 | D:1      | Noticed an ogre
    21 | D:1      | Noticed an elf
    25 | D:1      | Noticed a troll
    25 | D:1      | Noticed a felid
    27 | D:1      | Noticed a formicid
    27 | D:1      | Noticed a draconian
    29 | D:1      | Noticed a tengu
    31 | D:1      | Noticed an octopode
    31 | D:1      | Noticed a gargoyle
    33 | D:1      | Noticed a dwarf
    33 | D:1      | Noticed a minotaur
    35 | D:1      | Noticed a merfolk
    35 | D:1      | Noticed a demonspawn
    37 | D:1      | Noticed a vampire
    37 | D:1      | Noticed a ghoul
   220 | D:1      | Reached XP level 2. HP: 21/22 MP: 3/5
   749 | D:1      | Reached skill level 4 in Unarmed Combat
  1305 | D:2      | Reached XP level 3. HP: 21/27 MP: 6/6
  1369 | D:2      | Found an ornate altar of the Wu Jian Council.
  1382 | D:2      | Noticed Robin
  1394 | D:2      | HP: 1/27 [goblin/+0 dagger[Robin] (5)]
  1395 | D:2      | Slain by a hobgoblin

Illustrated notes

Levels and vault maps discovered:
D:1:      kb_arrival_jail, layout_basic
D:2:      layout_loops_ring, basic_altar, nrook_mini_backslash, grunt_decor_cap,
          chequers_mini_garden, kennysheep_generic_room_7, uniq_robin

Skill      XL: |  1  2 |
---------------+-------+-----
Unarmed Combat | 4 |  4.3
Fighting       | |  1.0
Dodging        | |  1.5
Spellcasting   | |  2.0
Transmutations | |  2.0

Action                   || total
-------------------------++-------
Melee: Unarmed           ||    83
       Tailslap          ||     7
       Kick              ||     6
       Headbutt          ||     2
       Punch             ||     3
 Cast: Beastly Appendage ||     7
  Use: Scroll            ||     1
       Potion            ||     1
 Stab: Sleeping          ||     1
Armor: Robe              ||    40
Dodge: Dodged            ||    52

Table legend: (Time is in decaauts)
 A = Elapsed time spent in this place.
 B = Non-inter-level travel time spent in this place.
 C = Inter-level travel time spent in this place.
 D = Time resting spent in this place.
 E = Time spent auto-exploring this place.
 F = Levels seen in this place.
 G = Mean time per level.
                   A        B        C        D        E       F      G
               +--------+--------+--------+--------+--------+-----+--------+
         Total |   1390 |   1372 |     18 |    107 |   1063 |   2 |  695.0 |
       Dungeon |   1390 |   1372 |     18 |    107 |   1063 |   2 |  695.0 |
               +--------+--------+--------+--------+--------+-----+--------+

Top non-repeatable levels by time:
     D:1: 1046 daAuts
     D:2: 343 daAuts
